Map: Shrines of Lizul

Players

PureLegacy - Winner!

  • Race: Terran Terran
  • League: Master
  • Spawn Location: 12:00

Watcho - Winner!

  • Race: Zerg Zerg
  • Spawn Location: 3:00

LostJinjo

  • Race: Terran Terran
  • League: Master
  • Spawn Location: 6:00

ScrubbleS

  • Race: Zerg Zerg
  • League: Grandmaster
  • Spawn Location: 9:00

VOD

Have the link to the VOD?

Description

Time

  • Played on: Dec. 2, 2018, 4:43 p.m.
  • Length: 2:57
Show
View Real Time Build Order
Export as new Build Order

PureLegacy Terran - Winner!

Build Orders:  

Get SALT Encoding   

  12  0:01  SCV  
  13  0:13  SCV  
  14  0:18  Supply Depot  
  14  0:25  SCV  
  15  0:30  Refinery  
  15  0:40  SCV  
  16  0:45  Barracks  
  16  0:52  SCV  
  17  1:05  Barracks  
  17  1:17  Barracks  
  17  1:23  SCV  
  18  1:34  Reaper  
  19  1:40  Orbital Command  
  19  1:49  Refinery  
  19  1:54  Reaper  
  20  2:02  Supply Depot  
  20  2:05  Reaper  
  21  2:10  Reaper  
  23  2:37  Supply Depot  
  23  2:39  SCV  
Show
View Real Time Build Order
Export as new Build Order

Watcho Zerg - Winner!

Build Orders: 1 Base Baneling Bust, Pool Only 

Get SALT Encoding   

  12  0:01  Drone  
  13  0:14  Extractor  
  12  0:25  Spawning Pool  
  12  0:28  Drone  
  12  0:35  Drone  
  13  0:42  Drone  
  14  0:50  Overlord  
  14  1:12  Zergling x6  
  17  1:20  Metabolic Boost  
  17  1:25  Zergling x2  
  18  1:34  Queen  
  20  1:43  Zergling x2  
  21  1:51  Zergling x2  
  22  2:02  Overlord  
  22  2:20  Baneling Nest  
  21  2:25  Zergling x4  
  23  2:38  Zergling x4  
Show
View Real Time Build Order
Export as new Build Order

LostJinjo Terran 

Build Orders:  

Get SALT Encoding   

  12  0:00  SCV  
  13  0:13  SCV  
  14  0:17  Supply Depot  
  14  0:25  SCV  
  15  0:28  Refinery  
  15  0:39  SCV  
  16  0:45  Barracks  
  16  0:52  SCV  
  17  1:02  Barracks  
  17  1:07  SCV  
  18  1:19  SCV  
  18  1:24  Barracks  
  19  1:31  SCV  
  20  1:34  Reaper  
  21  1:41  Refinery  
  21  1:44  SCV  
  22  1:52  Supply Depot  
  22  1:54  Reaper  
  23  2:06  Orbital Command  
  23  2:13  Reaper  
  24  2:17  Reaper  
Show
View Real Time Build Order
Export as new Build Order

ScrubbleS Zerg 

Build Orders: Pool First 

Get SALT Encoding   

  12  0:01  Drone  
  13  0:13  Overlord  
  13  0:18  Drone  
  14  0:31  Drone  
  14  0:32  Drone  
  14  0:34  Extractor  
  15  0:36  Drone  
  16  0:50  Spawning Pool  
  16  0:53  Drone  
  16  0:58  Drone  
  17  1:33  Hatchery  
  17  1:36  Metabolic Boost  
  16  1:42  Queen  
  16  1:45  Zergling x2  
  19  1:49  Zergling x2  
  19  1:52  Zergling x2  
  21  1:59  Zergling x2  
  21  2:16  Overlord  
  21  2:35  Zergling x4  
Tags
 
Add a new tag
Caveats
  • Supply blocks, unpowered buildings, or Contaminate may cause inaccurate times.
  • Supply counts are checked every 10 seconds.